AoeStats
← peyc12

Black Forest

506490560Analyzed
4v4 RM · 17d ago on Sep 13, 2026· 78m 25s· 8 players
Game mode
Random Map
Map size
Large (8 player)
Population
200
Speed
Normal
Resources
Standard
Victory
Conquest
Starting age
Dark Age
Ending age
Imperial Age
RankedLock teamsTeams togetherTeam positionsShared explorationLock speedFull tech treeHidden civsTurbo modeCheats
Victory
Defeat
🇮🇳 Persians · India
608
+20
🇨🇿 Teutons · Czechia
591
+21
🇷🇸 Huns · Serbia
589
+21
🇲🇽 Britons · Mexico
580
+21
🇪🇸 Mongols · Spain
826
-26
🇪🇸 Franks · Spain
776
-24
🇪🇸 Japanese · Spain
601
-17
🇪🇸 Cumans · Spain
590
-16
XxDaltoniPunkxX
0:34 Loom
15:33 Feudal Age
17:41 Wheelbarrow
17:35 Double-Bit Axe
18:49 Horse Collar
20:29 Gold Mining
21:10 Stone Mining
26:26 Castle Age
28:16 Bow Saw
28:10 Heavy Plow
28:53 Gold Shaft Mining
33:11 Caravan
34:26 Wheelbarrow
35:57 Hand Cart
38:47 Imperial Age
37:16 Town Watch
38:49 Ballistics
38:12 Treadmill Crane
38:43 Fortified Wall
38:31 Murder Holes
38:28 Guard Tower
39:28 Fletching
39:39 Padded Archer Armor
39:13 Elite Longbowman
41:11 Two-Man Saw
40:27 Town Patrol
40:18 Arrowslits
41:35 Chemistry
40:46 Masonry
41:07 Guilds
42:32 Yeomen
43:28 Warwolf
43:32 Bodkin Arrow
43:53 Leather Archer Armor
44:21 Keep
45:07 Conscription
45:39 Architecture
46:35 Hoardings
45:34 Sappers
63:23 Bracer
63:53 Ring Archer Armor
63:44 Siege Engineers
Ajghoimer
1:05 Loom
18:33 Feudal Age
21:16 Double-Bit Axe
21:28 Gold Mining
21:31 Stone Mining
22:28 Wheelbarrow
23:22 Horse Collar
28:40 Castle Age
27:47 Bloodlines
31:58 Hand Cart
31:47 Heavy Plow
32:02 Bow Saw
33:58 Caravan
34:43 Husbandry
41:01 Heated Shot
41:33 Ballistics
43:53 Imperial Age
42:38 Gold Shaft Mining
42:42 Stone Shaft Mining
45:41 Two-Man Saw
45:13 Crop Rotation
44:40 Cavalier
46:14 Savar
49:41 Forging
49:37 Scale Barding Armor
49:33 Scale Mail Armor
50:21 Citadels
53:18 Chemistry
52:51 Chain Barding Armor
53:07 Iron Casting
52:48 Chain Mail Armor
54:02 Elite War Elephant
55:48 Blast Furnace
55:24 Plate Barding Armor
57:24 Pikeman
57:50 Arson
58:06 Squires
57:51 Gambesons
60:18 Plate Mail Armor
59:14 Halberdier
sandeepkumarsdsl
3:04 Loom
18:15 Feudal Age
18:55 Feudal Age
21:57 Wheelbarrow
21:09 Town Watch
26:16 Castle Age
24:19 Gold Mining
26:14 Horse Collar
26:23 Double-Bit Axe
28:28 Forging
28:19 Scale Mail Armor
30:56 Bow Saw
30:50 Heavy Plow
31:03 Fortified Wall
31:04 Masonry
31:45 Iron Casting
31:26 Chain Mail Armor
34:06 Heated Shot
35:10 Hand Cart
36:31 Caravan
40:38 Imperial Age
40:42 Onager
40:45 Capped Ram
41:31 Squires
40:54 Elite Teutonic Knight
41:57 Ironclad
42:41 Chemistry
45:29 Plate Mail Armor
46:51 Stone Mining
47:34 Crop Rotation
48:07 Two-Man Saw
48:10 Blast Furnace
48:32 Ballistics
49:25 Siege Onager
Душан Силни
0:37 Loom
16:06 Feudal Age
17:17 Double-Bit Axe
17:14 Horse Collar
22:49 Gold Mining
22:50 Stone Mining
27:47 Castle Age
26:19 Forging
26:09 Scale Mail Armor
26:15 Scale Barding Armor
26:11 Padded Archer Armor
29:49 Bow Saw
29:42 Heavy Plow
33:07 Caravan
34:14 Coinage
34:41 Wheelbarrow
33:52 Town Watch
37:10 Imperial Age
35:48 Iron Casting
35:34 Chain Barding Armor
36:26 Gold Shaft Mining
36:52 Masonry
36:39 Murder Holes
37:14 Hand Cart
37:20 Town Patrol
38:17 Conscription
39:16 Two-Man Saw
41:09 Guilds
41:30 Banking
41:38 Plate Barding Armor
42:05 Blast Furnace
43:22 Chemistry
42:26 Husbandry
42:36 Bloodlines
41:47 Light Cavalry
41:50 Cavalier
43:22 Chain Mail Armor
44:58 Paladin
47:01 Leather Archer Armor
48:04 Sappers
49:04 Marauders
Motopapi
13:37 Feudal Age
14:57 Wheelbarrow
14:06 Horse Collar
14:19 Double-Bit Axe
21:20 Stone Mining
21:22 Gold Mining
25:24 Castle Age
23:59 Forging
25:00 Scale Mail Armor
25:06 Scale Barding Armor
24:56 Fletching
25:31 Scale Barding Armor
25:30 Padded Archer Armor
25:42 Arson
26:53 Hand Cart
27:07 Heavy Plow
28:20 Bow Saw
31:12 Iron Casting
30:39 Padded Archer Armor
30:38 Bodkin Arrow
31:21 Iron Casting
31:29 Caravan
33:11 Squires
33:01 Gambesons
33:38 Leather Archer Armor
33:39 Chain Mail Armor
33:45 Chain Barding Armor
34:02 Thumb Ring
34:48 Masonry
34:37 Murder Holes
36:08 Fortified Wall
40:12 Imperial Age
39:58 Gold Shaft Mining
39:51 Ballistics
39:22 Guard Tower
41:44 Town Watch
43:02 Chemistry
42:38 Keep
42:32 Parthian Tactics
42:31 Conscription
43:37 Two-Man Saw
43:03 Town Patrol
44:12 Yasama
44:16 Bracer
45:20 Blast Furnace
45:30 Bracer
46:01 Plate Mail Armor
46:02 Ring Archer Armor
46:35 Elite Samurai
47:52 Heavy Cavalry Archer
48:49 Arrowslits
51:05 Husbandry
51:16 Bloodlines
54:03 Pikeman
68:11 Halberdier
peyc12
13:08 Feudal Age
14:14 Horse Collar
14:25 Double-Bit Axe
17:43 Castle Age
18:32 Wheelbarrow
20:17 Heavy Plow
20:32 Bow Saw
22:46 Gold Mining
22:46 Stone Mining
25:19 Scale Barding Armor
26:19 Fortified Wall
26:30 Ballistics
26:21 Masonry
27:48 Hand Cart
32:25 Imperial Age
30:54 Scale Barding Armor
30:41 Fletching
31:09 Caravan
34:31 Gold Shaft Mining
35:11 Parthian Tactics
34:54 Thumb Ring
34:46 Bodkin Arrow
34:52 Padded Archer Armor
35:03 Forging
35:14 Chain Barding Armor
36:05 Chemistry
35:11 Siege Engineers
34:38 Elite Mangudai
38:05 Drill
38:05 Conscription
38:14 Bloodlines
37:24 Elite Steppe Lancer
38:05 Husbandry
37:29 Heavy Camel Rider
38:17 Bracer
38:32 Leather Archer Armor
38:53 Iron Casting
38:59 Heavy Scorpion
42:30 Blast Furnace
60:26 Light Cavalry
62:22 Elite Skirmisher
71:01 Hussar
labruixaavorrida
3:06 Loom
14:00 Feudal Age
15:20 Wheelbarrow
15:14 Double-Bit Axe
21:51 Scale Barding Armor
24:32 Castle Age
22:33 Gold Mining
22:34 Stone Mining
23:44 Forging
23:35 Scale Mail Armor
25:34 Hand Cart
26:22 Husbandry
28:24 Gold Shaft Mining
28:06 Bow Saw
35:05 Chain Barding Armor
38:02 Imperial Age
36:29 Chain Mail Armor
36:50 Iron Casting
37:18 #83
39:56 Plate Barding Armor
39:14 Cavalier
43:20 Paladin
46:35 Plate Mail Armor
46:05 Elite Throwing Axeman
50:17 Blast Furnace
49:46 Ballistics
SanchoPanza
3:45 Loom
15:53 Feudal Age
17:40 Wheelbarrow
16:48 Horse Collar
17:01 Gold Mining
17:01 Stone Mining
17:01 Double-Bit Axe
28:47 Castle Age
29:44 Hand Cart
29:49 Bow Saw
30:17 Gold Shaft Mining
31:16 Pikeman
31:57 Squires
37:24 Imperial Age
34:25 Elite Skirmisher
38:27 Conscription
39:22 Chemistry
38:18 Murder Holes
38:34 Masonry
39:04 Elite Steppe Lancer
40:43 Bloodlines
42:30 Hoardings
42:22 Scale Barding Armor
42:18 Padded Archer Armor
42:09 Fletching
42:37 Caravan
47:14 Ballistics
46:21 Elite Kipchak
48:27 Leather Archer Armor
48:08 Bodkin Arrow
48:34 Chain Barding Armor
48:42 Steppe Husbandry
50:30 Ring Archer Armor
49:49 Pikeman
50:29 Squires
71:03 Halberdier
Connection lost

Rejoining the realm…

Still unreachable

The connection could not be restored.

Session expired

The server has moved on; the page needs a fresh start.